 Dungeon Crawl Stone Soup version 0.27.1-4-g1640c2035a (webtiles) character file.

Game seed: 8944793706011349195

1691 raph the Stinger (level 8, -1/44 HPs)
             Began as a Deep Elf Venom Mage on Nov 16, 2021.
             Was a Believer of Sif Muna.
             Slain by Maggie (7 damage)
             ... on level 7 of the Dungeon.
             The game lasted 00:20:04 (10332 turns).

raph the Stinger (Deep Elf Venom Mage)             Turns: 10332, Time: 00:20:04

Health: -1/44      AC:  3    Str:  5    XL:     8   Next: 72%
Magic:  17/17      EV: 13    Int: 29    God:    Sif Muna [**....]
Gold:   295        SH:  5    Dex: 15    Spells: 1/16 levels left

rFire    + . .     SeeInvis .   a - +5 rapier
rCold    + . .     Faith    .   r - +0 buckler
rNeg     + . .     Spirit   .   h - +0 robe
rPois    +         Reflect  .   (no helmet)
rElec    +         Harm     .   (no cloak)
rCorr    +         Rampage  .   l - +0 pair of gloves
Will     .....                  (no boots)
Stlth    +++.......             (no amulet)
HPRegen  0.14/turn              n - +6 ring of intelligence
MPRegen  0.15/turn              q - ring of positive energy

@: resistant, channeling, mesmerised, very slightly contaminated
A: no striking features
a: Renounce Religion, Channel Magic


You were on level 7 of the Dungeon.
You worshipped Sif Muna.
Sif Muna was pleased with you.
You visited 2 branches of the dungeon, and saw 8 of its levels.
You also visited: Sewer.

You collected 295 gold pieces.

Inventory:

Hand Weapons
 a - a +5 rapier (weapon)
 b - a +0 dagger
Armour
 h - a +0 robe (worn)
 l - a +0 pair of gloves (worn)
 r - a +0 buckler (worn)
Jewellery
 n - a +6 ring of intelligence (left hand)
 q - a ring of positive energy (right hand)
Wands
 i - a wand of polymorph (18)
 k - a wand of digging (8)
Scrolls
 d - a scroll of fog
 e - a scroll of identify
 j - a scroll of teleportation
Potions
 c - 3 potions of flight
 f - 3 potions of heal wounds
 g - a potion of cancellation
 o - a potion of mutation
 p - a potion of curing
Miscellaneous
 s - a condenser vane


   Skills:
 - Level 2.0 Fighting
 - Level 4.2 Dodging
 - Level 4.3 Stealth
 + Level 3.5 Shields
 - Level 4.7 Spellcasting
 - Level 4.9 Conjurations
 - Level 1.1 Transmutations
 - Level 6.9 Poison Magic
 + Level 4.3 Invocations


You had one spell level left.
You knew the following spells:

 Your Spells              Type           Power      Damage    Failure   Level
a - Sting                 Tmut/Pois      100%       1d8       1%          1
b - Poisonous Vapours     Pois/Air       54%        N/A       2%          2
c - Searing Ray           Conj           70%        3d5       1%          2
d - Mephitic Cloud        Conj/Pois/Air  29%        N/A       4%          3
e - Dazzling Flash        Conj/Hex       42%        N/A       8%          3
f - Olgreb's Toxic Radia  Pois           47%        N/A       3%          4

Your spell library contained the following spells:

 Spells                   Type           Power      Damage    Failure   Level
 Magic Dart               Conj           100%       1d8       1%          1
 Animate Skeleton         Necr           12%        N/A       7%          1
 Fulminant Prism          Conj/Hex       10%        3d9       24%         4
 Airstrike                Air            3%         N/A       54%         4
 Agony                    Necr           6%         N/A       88%         5
 Silence                  Hex/Air        3%         N/A       88%         5
 Death Channel            Necr           3%         N/A       100%        6
 Chain Lightning          Conj/Air       10%        3d14      100%        9


Dungeon Overview and Level Annotations

Branches:
Dungeon (7/15)             Temple (1/1) D:4           Sewer (visited)

Altars:
Ashenzari
Cheibriados
Dithmenos
Elyvilon
Fedhas
Gozag
Hepliaklqana
Kikubaaqudgha
Makhleb
Nemelex Xobeh
Okawaru
Qazlal
Ru
Sif Muna
Trog
Uskayaw
Vehumet
Wu Jian
Xom
Yredelemnul
Zin
The Shining One

Shops:
D:3 :

Annotations:
D:3 Sigmund
D:4 3 runed translucent doors, Garym's ghost, amateur DDFi; Garym's ghost, amateur MiFi; PanSaczeczos's ghost, amateur MiAM; Purgy; diceflayer's ghost, amateur MiFi
D:7 Maggie


Message History

The jelly hits you but does no damage.
Aiming: Sting (safe; 1% risk of failure)
Press: ? - help, Q - select action, (/) - cycle Shift-Dir - straight line, f/p - jelly
Aim: a jelly (moderately wounded, 100% to hit)
The sting hits the jelly.
The jelly partially resists.
The jelly is heavily wounded.
Maggie gestures at you while chanting. The bolt of fire hits you!!
* * * LOW HITPOINT WARNING * * *
The jelly hits you but does no damage.
You feel much better. The jelly barely misses you.
You cannot move away from Maggie!
Okay, then.
You feel protected. The jelly hits you but does no damage.
Casting: Sting (safe; 1% risk of failure)
Confirm with . or Enter, or press ? or * to list all spells.
You miscast Olgreb's Toxic Radiance.
You are very lightly contaminated with residual magic.
You feel incredibly sick.
You are poisoned.
You resist.
You feel sick. The jelly closely misses you.
You feel sick.
Maggie hits you with a +1 morningstar of protection!!
The jelly barely misses you.
You cannot move away from Maggie!
You feel sick.
Maggie points at you and mumbles some strange words.
The bolt of fire misses you.
You cannot move away from Maggie!
You barely miss Maggie.
Maggie is heavily wounded.
You feel sick.
You are no longer poisoned.
Maggie looks more healthy.
You block Maggie's attack. The jelly hits you.
* * * LOW HITPOINT WARNING * * *
You are splashed with acid.
You resist.
* * * LOW HITPOINT WARNING * * *
Maggie hits you with a +1 morningstar of protection!
You die...

. ##..###........
##.##...##.........
#......)#..###.....
#...#....).## #....
..# ##..)...## #...
. #.......## ...
#........## ..
#.....@.>.#....
##....#J@.......
#.....<.........
#..###...........
.... ##..........
### ##.........
##........
.......## ...##..#
... .##


You could see Maggie (mesmerising) and a jelly.

Vanquished Creatures
  An orc warrior (D:6)
  A necrophage (D:6)
  5 ogres
  A phantom (D:6)
  A bullfrog (Sewer)
  2 scorpions
  A water moccasin skeleton (D:5)
  4 wights (D:7)
  A bullfrog zombie (D:6)
  A jelly (D:5)
  An orc priest (D:4)
  2 hounds
  A centaur skeleton (D:4)
  A scorpion zombie (D:5)
  5 iguanas
  2 orc wizards (D:6)
  12 adders
  2 adder skeletons
  4 worms
  13 orcs
  4 bats
  8 endoplasms
  5 giant cockroaches
  3 goblins
  8 hobgoblins
  2 jackals (D:3)
  13 quokkas
  6 ball pythons
  13 frilled lizards
  11 kobolds
  6 rats
140 creatures vanquished.

Notes
Turn   | Place    | Note
-------+----------+-------------------------------------------
     0 | D:1      | raph the Deep Elf Venom Mage began the quest for the Orb.
     0 | D:1      | Reached XP level 1. HP: 10/10 MP: 6/6
   257 | D:1      | Reached XP level 2. HP: 15/15 MP: 6/8
   281 | D:1      | Learned a level 2 spell: Poisonous Vapours
   350 | D:1      | Reached skill level 4 in Poison Magic
   926 | D:1      | Learned a level 2 spell: Searing Ray
  1640 | D:2      | Reached XP level 3. HP: 19/19 MP: 6/9
  1644 | D:2      | Learned a level 3 spell: Mephitic Cloud
  2285 | D:2      | Reached skill level 1 in Conjurations
  2667 | D:2      | Reached skill level 5 in Poison Magic
  3042 | D:2      | Reached XP level 4. HP: 24/24 MP: 5/10
  3574 | D:3      | Found Jaopp's Book Shop.
  3618 | D:3      | Noticed Sigmund
  3847 | D:3      | Got the Catalogue of Twisted Flight
  4811 | D:4      | Noticed a scorpion
  4816 | D:4      | Killed a scorpion
  4817 | D:4      | Reached XP level 5. HP: 28/28 MP: 4/11
  5143 | D:4      | Noticed Purgy
  5387 | D:4      | Noticed an ogre
  5399 | D:4      | Killed an ogre
  5400 | D:4      | Reached skill level 6 in Poison Magic
  5728 | D:4      | Reached XP level 6. HP: 32/32 MP: 7/12
  5732 | D:4      | Learned a level 3 spell: Dazzling Flash
  5782 | D:4      | Found a staircase to the Ecumenical Temple.
  5829 | Temple   | Entered the Ecumenical Temple
  5941 | Temple   | Became a worshipper of Sif Muna the Loreminder
  6193 | D:4      | Found a runed translucent gate.
  6193 | D:4      | Found a runed translucent gate.
  6193 | D:4      | Found a runed translucent gate.
  6195 | D:4      | Noticed diceflayer's ghost (amateur MiFi)
  6195 | D:4      | Noticed Garym's ghost (amateur MiFi)
  6196 | D:4      | Noticed PanSaczeczos's ghost (amateur MiAM)
  6198 | D:4      | Noticed Garym's ghost (amateur DDFi)
  6390 | D:5      | Entered Level 5 of the Dungeon
  6738 | D:5      | Reached skill level 1 in Fighting
  6738 | D:5      | Reached XP level 7. HP: 38/38 MP: 9/14
  8182 | D:6      | Found a glowing drain.
  8244 | Sewer    | Entered a sewer
  8303 | Sewer    | Learned a level 4 spell: Olgreb's Toxic Radiance
  8315 | Sewer    | Reached * piety under Sif Muna
  8944 | Sewer    | Reached skill level 1 in Shields
  8944 | Sewer    | Reached XP level 8. HP: 36/44 MP: 8/17
  9678 | D:6      | Reached skill level 1 in Invocations
 10092 | D:6      | Found a stormy altar of Qazlal.
 10230 | D:7      | Reached ** piety under Sif Muna
 10308 | D:7      | Noticed Maggie
 10332 | D:7      | Slain by Maggie

Illustrated notes

Levels and vault maps discovered:
D:1:      lightli_arrival_chessboard, layout_loops_ring
D:2:      layout_basic, minmay_vboxes
D:3:      layout_basic, serial_shops, shop, uniq_sigmund
D:4:      layout_basic, minmay_temple_entry_proselytizer,
          gammafunk_ghost_cemetery, kennysheep_generic_room_3, uniq_purgy
D:5:      layout_cave_pools
D:6:      layout_basic, nicolae_qazlal_general_emergency, portal_sewer_entry_f
D:7:      layout_layer_cave, hangedman_feature_mirror, uniq_joseph,
          uniq_menkaure, uniq_maggie
Temple:   kilobyte_greek_temple

Skill      XL: |  1  2  3  4  5  6  7  8 |
---------------+-------------------------+-----
Poison Magic   | 4 5 6 |  6.9
Conjurations   | 1 2 3 4 |  4.9
Stealth        | 3 4 |  4.3
Dodging        | 3 4 |  4.2
Fighting       | 1 2 |  2.0
Spellcasting   | 4 |  4.7
Shields        | 1 3 |  3.5
Invocations    | 4 |  4.3
Transmutations | |  1.1

Action                   |  1- 3 |  4- 6 |  7- 9 || total
-------------------------+-------+-------+-------++-------
Melee: Dagger            |    18 |       |       ||    18
       Rapier            |       |    18 |    19 ||    37
 Cast: Sting             |    76 |    26 |    29 ||   131
       Poisonous Vapours |    18 |    38 |    46 ||   102
       Searing Ray       |     2 |     6 |    11 ||    19
       Olgreb's Toxic Ra |       |       |     9 ||     9
       Dazzling Flash    |       |       |     2 ||     2
Invok: Channel Magic     |       |       |     1 ||     1
  Use: Scroll            |       |    10 |     5 ||    15
       Potion            |       |       |     2 ||     2
 Stab: Sleeping          |       |     1 |     1 ||     2
Armor: Robe              |    13 |     4 |     7 ||    24
Dodge: Dodged            |    36 |    22 |    40 ||    98
Block: Buckler           |       |       |     6 ||     6
